 Dungeon Crawl Stone Soup version 0.31.0-12-g77e489cdc1 (webtiles) character file.

Game seed: 14684812319494343384

11 lonewolfV2 the Shield-Bearer (level 2, -2/24 HPs)
             Began as a Formicid Fighter on Feb 14, 2024.
             Slain by Robin
             ... wielding a +0 spear of flaming
              (5 damage)
             ... on level 2 of the Dungeon.
             The game lasted 00:00:42 (797 turns).

lonewolfV2 the Shield-Bearer (Formicid Fighter)      Turns: 797, Time: 00:00:43

Health: -2/24      AC:  6    Str: 20    XL:     2   Next: 35%
Magic:  2/2        EV:  9    Int:  7    God:
Gold:   56         SH:  5    Dex: 13    Spells: 1/1 levels left

rFire   . . .        a - +0 war axe
rCold   . . .        c - +0 buckler
rNeg    . . .        b - +0 scale mail
rPois   .            (helmet unavailable)
rElec   .            (no cloak)
rCorr   .            (no gloves)
SInv    +            (no boots)
Will    .....        (no amulet) Stlth
                     (no ring)
HPRegen 0.24/turn    (no ring)
MPRegen 0.08/turn

%: no passive effects
@: no status effects
A: permanent stasis, dig shafts and tunnels, antennae 3, four strong arms
a: Dig, Shaft Self


You were on level 2 of the Dungeon.
You visited 1 branch of the dungeon, and saw 2 of its levels.

You collected 56 gold pieces.

Inventory:

Hand Weapons
 a - a +0 war axe (weapon)
Armour
 b - a +0 scale mail (worn)
 c - a +0 buckler (worn)
Potions
 d - a potion of might
 g - 2 potions of enlightenment {unknown}


   Skills:
 + Level 3.5 Fighting
 * Level 2.6 Axes
 - Level 3.2 Armour
 - Level 4.0 Shields


You had one spell level left.
You didn't know any spells.
Your spell library contained the following spells:

 Spells                   Type           Power      Damage    Failure   Level
 Magic Dart               Conj           0%         1d3       86%         1
 Call Imp                 Summ           0%         N/A       94%         2
 Chain Lightning          Conj/Air       0%         N/A       100%        9
 Fire Storm               Conj/Fire      0%         5d1       100%        9
 Shatter                  Erth           0%         3d5*      100%        9
 Blink                    Tloc           Unusable   N/A       N/A         2

Dungeon Overview and Level Annotations

Branches:
Dungeon (2/15)

Altars:

Annotations:
D:2 Robin


Innate Abilities, Weirdness & Mutations

You cannot be hasted, slowed, berserked, paralysed or teleported.
You can dig through walls and to a lower floor.
You have a pair of large antennae on your head. (SInv)
Your four strong arms can wield two-handed weapons with a shield.


Message History

You slash the goblin!
You kill the goblin!
A goblin comes into view.
It is wielding a +0 club. 2 goblins come into view.
The goblin shouts! x2
Robin hits you with a +0 spear of flaming.
Robin burns you.
You see here a +0 dagger.
Unknown command.
You completely miss Robin. Robin closely misses you.
Unknown command.
You barely miss Robin. Robin throws the goblin at you!
The goblin hits you but does no damage. Robin hits you but does no damage.
The goblin closely misses you.
You barely miss Robin. You barely miss the goblin.
Robin hits you but does no damage. The goblin hits you with a +0 club.
You hit Robin.
Robin is lightly wounded.
You miss the goblin. The goblin hits you with a +0 club.
The goblin barely misses you. You block Robin's attack.
You hit Robin.
Robin is moderately wounded.
You hit the goblin. The goblin hits you with a +0 club.
* * * LOW HITPOINT WARNING * * *
Robin misses you.
Unknown command.
You barely miss Robin.
Robin is moderately wounded.
You hit the goblin.
You kill the goblin!
Robin hits you with a +0 spear of flaming.
* * * LOW HITPOINT WARNING * * *
Robin burns you.
* * * LOW HITPOINT WARNING * * *
You barely miss Robin.
Robin is moderately wounded.
The hobgoblin no longer looks unusually strong.
Robin hits you with a +0 spear of flaming.
You die...
Robin says, "And that's why I'm the boss." ...# gg# gg#

{gg# ###g#
#.#g# ####.#g#
# #....#@# #.#
#<.#.#)# ..
####.#.#.####.
#.............
#.#..#.#######
..........
#.#.##.#^#.# #
#. ..#.#.# #
####.# #


You could see Robin, 2 hobgoblins and 6 goblins.

Vanquished Creatures
  A ball python (D:1)
  A bat (D:1)
  An endoplasm (D:1)
  2 goblins (D:2)
  2 kobolds (D:1)
  A frilled lizard (D:1)
  A rat (D:1)
9 creatures vanquished.

Notes
Turn   | Place    | Note
-------+----------+-------------------------------------------
     0 | D:1      | lonewolfV2 the Formicid Fighter began the quest for the
                  | Orb.
     0 | D:1      | Reached XP level 1. HP: 18/18 MP: 1/1
   462 | D:1      | Reached XP level 2. HP: 23/24 MP: 2/2
   786 | D:2      | Noticed Robin
   797 | D:2      | Slain by Robin

Illustrated notes

Levels and vault maps discovered:
D:1:      dpeg_chamrin_arrival_tetris, layout_basic, minivault_23,
          minmay_circled_x
D:2:      layout_basic, basic_altar, uniq_robin

Action                     || total
---------------------------++-------
  Melee: War axe           ||    22
    Use: Scroll            ||     3
 Armour: Scale mail        ||    27
  Dodge: Dodged            ||    18
  Block: Buckler           ||     7
